 Dungeon Crawl Stone Soup version 0.19-a0-1903-gead39cf (webtiles) character file.

23 LORDOFBUTT the Sneak (level 2, 0/13 HPs)
             Began as a Spriggan Enchanter on Oct 20, 2016.
             Succumbed to a goblin's poison
             ... on level 1 of the Dungeon.
             The game lasted 00:01:19 (1006 turns).

LORDOFBUTT the Sneak (Spriggan Enchanter)           Turns: 1006, Time: 00:01:19

Health: 0/13       AC:  3    Str:  2 (4)  XL:     2   Next: 75%
Magic:  7/7        EV: 18    Int: 15 (16) God:
Gold:   1          SH:  0    Dex: 15 (16) Spells: 1 memorised, 6 levels left

rFire  . . .     SeeInvis +     a - +1 dagger
rCold  . . .     Gourm    .     b - +1 robe
rNeg   . . .     Faith    .     (shield restricted)
rPois  .         Spirit   .     (helmet restricted)
rElec  .         Reflect  .     (no cloak)
rCorr  .         Harm     .     (gloves unavailable)
MR     .....                    (boots unavailable)
Stlth  +++.......               (no amulet)
                                (no ring)
                                (no ring)

@: lethally poisoned (0 -> -15), very quick
A: unfitting armour, see invisible, herbivore 3, speed 3, slow metabolism 2
a: no special abilities


You were on level 1 of the Dungeon.
You were not hungry.

You visited 1 branch of the dungeon, and saw 1 of its levels.

You collected 1 gold pieces.

Inventory:

Hand Weapons
 a - a +1 dagger (weapon)
Armour
 b - a +1 robe (worn)
Scrolls
 e - a scroll of amnesia {unknown}
 f - 2 scrolls of fear {unknown}
Books
 c - a book of Maledictions

   Spells                             Type                      Level
   a - Corona                         Hexes                        1
   b - Ensorcelled Hibernation        Hexes/Ice                    2
   c - Confuse                        Hexes                        3
   d - Tukima's Dance                 Hexes                        3
   e - Dazzling Spray                 Conjuration/Hexes            3
Comestibles
 d - a bread ration


   Skills:
 + Level 1.3 Short Blades
 + Level 3.3 Dodging
 + Level 5.3 Stealth
 + Level 3.0 Spellcasting
 + Level 3.8 Hexes


You had 6 spell levels left.
You knew the following spells:

 Your Spells              Type           Power        Failure   Level  Hunger
a - Corona                Hex            ##.....      4%          1    #......


Dungeon Overview and Level Annotations

Branches:
Dungeon (1/15)

Altars:


Innate Abilities, Weirdness & Mutations

You are very small and have problems with some larger weapons.
You are too small for most types of armour.
You have supernaturally acute eyesight. (SInv)
You are a herbivore.
You cover ground extremely quickly.
You need consume almost no food.


Message History

The goblin closely misses you.
You hit the goblin but do no damage.
You feel sick. The goblin hits you but does no damage.
You are lethally poisoned!
You closely miss the goblin.
You feel sick.
The goblin hits you with a dagger of venom.
You closely miss the goblin.
You feel sick.
You closely miss the goblin.
You feel sick. The goblin misses you.
You barely miss the goblin.
* * * LOW HITPOINT WARNING * * *
You feel sick. The goblin completely misses you.
It was a potion of degeneration.
There was something very wrong with that liquid.
You feel weakened.
You feel dopey.
You feel clumsy.
* * * LOW HITPOINT WARNING * * *
You feel sick. The goblin hits you but does no damage.
* * * LOW HITPOINT WARNING * * *
You feel sick.
Okay, then.
You die...

#.# #........# #.............
#.###..†.....###'######......
#......).)...#...............
#####...#....#...............
#...#....#...............
#...#....#.........######
#.###..............#
#...........########
+.....g.@...# #....####...#
### #.... .....# #######.###
#...(.......###...#.....#
###.........##..<....##..
####.....##.....####.#
......###..(####'## .....###
#####.#'## #.....###


You could see a goblin.

Vanquished Creatures
  An ooze (D:1)
  A leopard gecko (D:1)
  A bat (D:1)
  2 giant cockroaches (D:1)
  3 goblins (D:1)
  3 hobgoblins (D:1)
  A kobold (D:1)
  A frilled lizard (D:1)
  4 rats (D:1)
17 creatures vanquished.

Notes
Turn   | Place    | Note
-------+----------+-------------------------------------------
     0 | D:1      | LORDOFBUTT the Spriggan Enchanter began the quest for the Orb.
     0 | D:1      | Reached XP level 1. HP: 9/9 MP: 5/5
   153 | D:1      | Reached XP level 2. HP: 12/13 MP: 6/6
   417 | D:1      | Reached skill level 5 in Stealth
  1006 | D:1      | Succumbed to a goblin's poison

Vault maps used:
D:1:      dpeg_cavernosity

Skill      XL: |  1  2 |
---------------+-------+-----
Spellcasting   | 3 |  3.0
Stealth        | 5 |  5.3
Short Blades   | |  1.3
Dodging        | |  3.3
Hexes          | |  3.8

Action                   || total
-------------------------++-------
Melee: Dagger            ||    73
  Use: Potion            ||     1
 Stab: Sleeping          ||     9
Armor: Robe              ||     9
Dodge: Dodged            ||    39
